 Dungeon Crawl Stone Soup version 0.29.1-2-gbd0b4ee654 (webtiles) character file.

Game seed: 17190756486946887332

14674 funnyparkerb the Grappler (level 11, 0/111 HPs)
             Began as a Troll Fighter on Nov 10, 2022.
             Was an Elder of Wu Jian.
             Slain by a boulder beetle (18 damage)
             ... on level 11 of the Dungeon.
             The game lasted 00:15:06 (7162 turns).

funnyparkerb the Grappler (Troll Fighter)           Turns: 7162, Time: 00:15:06

Health: 0/111      AC: 15    Str: 26    XL:     11   Next: 91%
Magic:  10/10      EV: 14    Int:  8    God:    Wu Jian [****..]
Gold:   477        SH: 15    Dex: 11    Spells: 10/10 levels left

rFire   . . .      SeeInvis .     - Unarmed
rCold   . . .      Faith    .   b - +0 kite shield
rNeg    . . .      Spirit   .   V - +0 acid dragon scales
rPois   .          Reflect  +   (helmet restricted)
rElec   .          Harm     .   U - +2 cloak
rCorr   +          Rampage  .   (gloves unavailable)
Will    .....                   (boots unavailable)
Stlth   +.........              A - amulet of reflection
HPRegen 1.08/turn               g - +4 ring of protection
MPRegen 0.12/turn               r - ring "Tuahy" {rCorr EV+4 Dex+2}

@: no status effects
A: large, unfitting armour, claws 3, regeneration 1, shaggy fur 1, tough skin 1
a: Renounce Religion, Wall Jump, Serpent's Lash


You were on level 11 of the Dungeon.
You worshipped Wu Jian.
Wu Jian was greatly pleased with you.
You visited 2 branches of the dungeon, and saw 11 of its levels.

You collected 535 gold pieces.
You spent 58 gold pieces at shops.

Inventory:

Missiles
 G - 13 poisoned darts (quivered)
 O - 8 large rocks
Armour
 b - a +0 kite shield (worn)
 x - a +1 robe of the Archmagi
 F - a +2 robe of fire resistance
 U - a +2 cloak (worn)
 V - +0 acid dragon scales (worn)
Jewellery
 g - a +4 ring of protection (left claw)
 l - a +4 ring of protection
 r - the ring "Tuahy" (right claw) {rCorr EV+4 Dex+2}
   (You found it on level 3 of the Dungeon)

   [ring of evasion]

   EV:        It affects your evasion (+4).
   Dex:       It affects your dexterity (+2).
   rCorr:     It protects you from acid and corrosion.
 s - a ring of protection from cold
 w - a ring of positive energy
 A - an amulet of reflection (around neck)
 I - a ring of wizardry
 T - a ring of ice
Wands
 a - a wand of charming (8)
 C - a wand of polymorph (7)
 L - a wand of acid (13)
 P - a wand of iceblast (11)
Scrolls
 c - 3 scrolls of amnesia {unknown}
 f - 6 scrolls of teleportation
 h - 3 scrolls of blinking
 j - 2 scrolls of enchant armour {unknown}
 k - 2 scrolls of butterflies {unknown}
 m - 2 scrolls of fear {unknown}
 o - a scroll of vulnerability {unknown}
 p - a scroll of silence {unknown}
 u - 3 scrolls of identify {unknown}
 y - a scroll of torment {unknown}
 z - 2 scrolls of noise {unknown}
 K - a scroll of immolation {unknown}
 N - 2 scrolls of poison {unknown}
 Q - 2 scrolls of magic mapping {unknown}
 S - a scroll of brand weapon {unknown}
Potions
 d - 2 potions of berserk rage {unknown}
 e - 2 potions of brilliance {unknown}
 i - 4 potions of curing {unknown}
 n - a potion of mutation {unknown}
 q - a potion of degeneration {unknown}
 t - 2 potions of flight {unknown}
 v - 3 potions of heal wounds {unknown}
 B - a potion of haste {unknown}
 D - a potion of might
 H - 2 potions of cancellation {unknown}
 J - 3 potions of attraction {unknown}
 M - a potion of magic {unknown}
Miscellaneous
 E - a phial of floods
 R - a box of beasts


   Skills:
 + Level 8.1 Fighting
 + Level 6.4 Dodging
 + Level 8.9 Shields
 * Level 13.0 Unarmed Combat


You had 10 spell levels left.
You didn't know any spells.
Your spell library contained the following spells:

 Spells                   Type           Power      Damage    Failure   Level
 Magic Dart               Conj           0%         1d3       71%         1
 Slow                     Hex            0%         N/A       71%         1
 Call Imp                 Summ           0%         N/A       85%         2
 Confusing Touch          Hex            0%         N/A       97%         3
 Mephitic Cloud           Conj/Pois/Air  0%         N/A       97%         3
 Ozocubu's Armour         Ice            0%         N/A       97%         3
 Summon Guardian Golem    Hex/Summ       0%         N/A       97%         3
 Vampiric Draining        Necr           0%         2d6       97%         3
 Summon Ice Beast         Ice/Summ       0%         N/A       100%        4
 Metabolic Englaciation   Hex/Ice        0%         N/A       100%        5
 Summon Mana Viper        Hex/Summ       0%         N/A       100%        5
 Simulacrum               Ice/Necr       0%         N/A       100%        6
 Monstrous Menagerie      Summ           0%         N/A       100%        7
 Orb of Destruction       Conj           0%         9d5       100%        7
 Spellforged Servitor     Conj/Summ      0%         N/A       100%        7


Dungeon Overview and Level Annotations

Branches:
Dungeon (11/15)            Temple (1/1) D:5            Lair (0/5) D:9
    Orc (0/2) D:11

Altars:
Ashenzari
Cheibriados
Dithmenos
Elyvilon
Fedhas
Gozag
Hepliaklqana
Makhleb
Okawaru
Qazlal
Ru
Sif Muna
Trog
Uskayaw
Vehumet
Wu Jian
Xom
Yredelemnul
Zin
The Shining One

Shops:
D:8 *[

Annotations:
D:8 exclusion: ice statue


Innate Abilities, Weirdness & Mutations

You are too large for most types of armour.
You have claws for hands.
Your natural rate of healing is unusually fast.
You are covered in fur. (AC +1)
You have tough skin. (AC +1)


Message History

The boulder beetle is severely wounded.
The boulder beetle closely misses you.
You scratch the boulder beetle.
The boulder beetle is severely wounded.
The boulder beetle bites you!
You scratch the boulder beetle but do no damage.
The boulder beetle is severely wounded.
The boulder beetle bites you!!
You barely miss the boulder beetle.
The boulder beetle is severely wounded.
The boulder beetle closely misses you.
You scratch the boulder beetle but do no damage.
The boulder beetle is severely wounded.
The boulder beetle bites you!
* * * LOW HITPOINT WARNING * * *
You scratch the boulder beetle but do no damage.
The boulder beetle is severely wounded.
You scratch the boulder beetle but do no damage.
The boulder beetle is severely wounded.
The boulder beetle leaps!
Okay, then.
As you read the scroll of teleportation, it crumbles to dust.
You feel strangely unstable.
The orc wizard attacks as you move away!
The orc wizard barely misses you.
Your surroundings suddenly seem different.
Found 15 gold pieces.
The boulder beetle curls into a ball and begins rolling!
Found a stone staircase leading up.
A vampire mosquito comes into view.
The vampire mosquito buzzes angrily.
You hear a howl!
The boulder beetle hits you!!
* * * LOW HITPOINT WARNING * * *
The boulder beetle stops rolling and uncurls.
The vampire mosquito completely misses you.
You claw the vampire mosquito!
The vampire mosquito is heavily damaged.
You block the vampire mosquito's attack.
The boulder beetle bites you!!
You die...

#.##.# .....
#######.##.## ...
........#...# ...
#######....†. .<.
#.#...# #.# #.##.##
# #$# #.##..# ..###
#y# #.###.# .....
#@# #.# #.. ......
#B# #.# #..
......##°# #.# #..
........Z......#.#
#.###.#
.8...ZZ>.Z..Z8...#
#......
.Z.ZZZ........°#.#
#######
#..B.ZWoZ.Z..°#...#
#
#...ZZ.Z...Z..#.#...
# ..ZZW8...Z. #.
.### ###


You could see a boulder beetle and a vampire mosquito.

Vanquished Creatures
  3 two-headed ogres
  Nergalle (D:10)
  An ugly thing (D:9)
  2 cyclopes
  Maggie (D:6)
  A gargoyle (D:11)
  Psyche (D:11)
  3 trolls
  Grinder (D:6)
  2 hornets
  3 wyverns
  A wraith (D:9)
  5 shadows
  16 yaks
  3 steam dragons
  7 vampire mosquitoes
  An acid dragon (D:10)
  3 water moccasins (D:9)
  2 ice beasts
  A sky beast (D:6)
  6 orc warriors
  3 ogres
  A black bear (D:6)
  A phantom (D:6)
  4 centaurs
  2 kobold brigands
  Blork the orc (D:6)
  2 bullfrogs
  A scorpion (D:5)
  8 wights
  18 killer bees
  A howler monkey (D:10)
  A jelly (D:5)
  Crazy Yiuf (D:2)
  4 orc priests
  4 iguanas
  8 orc wizards
  Robin (D:2)
  5 adders
  6 gnolls
  A shadow imp (D:5)
  A white imp (D:6)
  2 ufetubi
  A worm (D:2)
  2 dart slugs
  11 orcs
  3 ball pythons
  5 endoplasms
  2 giant cockroaches
  14 goblins
  6 hobgoblins
  9 quokkas
  2 bats
  14 kobolds
  2 orc skeletons (D:11)
  4 orc zombies (D:11)
  5 rats
220 creatures vanquished.

Vanquished Creatures (others)
  A kobold (D:10)
  2 fungi (D:9)
  13 plants (D:9)
16 creatures vanquished.

Grand Total: 236 creatures vanquished

Notes
Turn   | Place    | Note
-------+----------+-------------------------------------------
     0 | D:1      | funnyparkerb the Troll Fighter began the quest for the Orb.
     0 | D:1      | Reached XP level 1. HP: 22/22 MP: 0/0
    82 | D:1      | Reached XP level 2. HP: 29/29 MP: 1/1
   359 | D:1      | Found a faded altar of an unknown god.
   427 | D:1      | Reached XP level 3. HP: 35/36 MP: 2/2
   814 | D:2      | Reached skill level 3 in Unarmed Combat
   873 | D:2      | Found a runed translucent door.
   874 | D:2      | Noticed Crazy Yiuf
  1055 | D:2      | Reached XP level 4. HP: 44/44 MP: 3/3
  1125 | D:2      | Noticed Robin
  1136 | D:2      | Killed Robin
  1550 | D:2      | Killed Crazy Yiuf
  1577 | D:2      | Identified the +9 hammer of Intimidation {holy, Int+2 Dex-3
                  | SInv}
  1724 | D:3      | Identified the ring "Tuahy" {rCorr EV+4 Dex+2}
  1756 | D:3      | You fall into a shaft and drop 3 floors!
  1769 | D:6      | Noticed Maggie
  1796 | D:6      | Found a bloodstained altar of Trog.
  1799 | D:6      | Noticed a bullfrog
  1805 | D:5      | Entered Level 5 of the Dungeon
  1805 | D:5      | Found a staircase to the Ecumenical Temple.
  1809 | Temple   | Entered the Ecumenical Temple
  1812 | Temple   | Killed a bullfrog
  1813 | Temple   | Reached skill level 4 in Unarmed Combat
  1813 | Temple   | Reached XP level 5. HP: 21/53 MP: 4/4
  2003 | D:5      | Noticed an ogre
  2024 | Temple   | Killed an ogre
  2025 | Temple   | Reached XP level 6. HP: 61/61 MP: 5/5
  2325 | D:5      | Reached skill level 5 in Unarmed Combat
  2510 | D:5      | Reached XP level 7. HP: 68/68 MP: 6/6
  2707 | D:6      | Noticed Blork the orc
  2710 | D:6      | Killed Blork the orc
  2774 | D:6      | Found a glowing silver altar of Zin.
  2777 | D:6      | Found a hazy altar of Hepliaklqana.
  2778 | D:6      | Found a shimmering blue altar of Sif Muna.
  2778 | D:6      | Found a hide-covered altar of Uskayaw.
  2778 | D:6      | Found an ornate altar of the Wu Jian Council.
  2779 | D:6      | Found a sacrificial altar of Ru.
  2787 | D:6      | Reached skill level 6 in Unarmed Combat
  2800 | D:6      | Became a worshipper of the Wu Jian Council
  2812 | D:7      | Noticed a steam dragon
  2979 | D:6      | Reached skill level 5 in Shields
  2979 | D:6      | Reached XP level 8. HP: 79/79 MP: 7/7
  3001 | D:6      | Noticed Grinder
  3006 | D:6      | Paralysed by Grinder for 5 turns
  3014 | D:6      | Paralysed by Grinder for 3 turns
  3032 | D:6      | Killed Grinder
  3033 | D:6      | Reached skill level 7 in Unarmed Combat
  3134 | D:6      | Killed Maggie
  3135 | D:6      | Reached skill level 5 in Fighting
  3212 | D:6      | Reached skill level 8 in Unarmed Combat
  3225 | D:6      | Reached * piety under Wu Jian
  3476 | D:6      | Reached XP level 9. HP: 88/88 MP: 8/8
  3632 | D:7      | Reached skill level 9 in Unarmed Combat
  3781 | D:7      | Noticed a troll
  4076 | D:7      | Killed a troll
  4077 | D:7      | Reached skill level 10 in Unarmed Combat
  4201 | D:7      | Noticed a cyclops
  4207 | D:7      | Killed a cyclops
  4207 | D:7      | Reached ** piety under Wu Jian
  4208 | D:7      | Reached XP level 10. HP: 100/100 MP: 9/9
  4550 | D:8      | Noticed a two-headed ogre
  4551 | D:8      | Found Sirutt's Antique Armour Shoppe.
  4560 | D:8      | Killed a two-headed ogre
  4883 | D:8      | Noticed an ice statue
  4988 | D:8      | Found Mezixio's Mass Market.
  5004 | D:8      | Bought 6 large rocks for 58 gold pieces
  5299 | D:9      | Reached skill level 11 in Unarmed Combat
  5341 | D:9      | Noticed a purple ugly thing
  5358 | D:9      | Killed a purple ugly thing
  5363 | D:9      | Reached skill level 5 in Dodging
  5702 | D:9      | Reached XP level 11. HP: 104/109 MP: 10/10
  5734 | D:9      | Found a staircase to the Lair.
  6013 | D:10     | Entered Level 10 of the Dungeon
  6014 | D:10     | Noticed Nergalle
  6020 | D:10     | Killed Nergalle
  6243 | D:10     | Noticed a two-headed ogre
  6250 | D:10     | Killed a two-headed ogre
  6251 | D:10     | Reached skill level 12 in Unarmed Combat
  6329 | D:10     | Reached *** piety under Wu Jian
  6698 | D:10     | Found a burning altar of Makhleb.
  6911 | D:11     | Noticed a two-headed ogre
  6926 | D:11     | Killed a two-headed ogre
  6985 | D:11     | Noticed Psyche
  6992 | D:11     | Killed Psyche
  7113 | D:11     | Found a staircase to the Orcish Mines.
  7115 | D:11     | Noticed a boulder beetle
  7137 | D:11     | Reached **** piety under Wu Jian
  7138 | D:11     | Reached skill level 13 in Unarmed Combat
  7162 | D:11     | Slain by a boulder beetle

Illustrated notes

Levels and vault maps discovered:
D:1:      dpeg_arrival_fog, layout_loops_ring,
          dreamdust_ecumenical_altar_hidden_monk_grotto
D:2:      layout_loops_ring, uniq_robin, uniq_crazy_yiuf_cottage
D:3:      layout_loops_cross
D:5:      layout_basic, minmay_temple_entry_glass, nicolae_figureground_pulse
D:6:      layout_basic, mainiacjoe_overflow_catwalk, grunt_temple_overflow_open,
          uniq_blork_the_orc, uniq_maggie, uniq_grinder
D:7:      layout_basic, dk_vineyard_3
D:8:      minmay_statue_hallways, layout_basic, serial_shops,
          nicolae_square_shop, minmay_shop_mass
D:9:      layout_roguey, minmay_lair_entry_grove, minmay_increasing_density
D:10:     layout_long_grid, mainiacjoe_overflow_chevrons, uniq_nergalle
D:11:     layout_loops_ring, zombieorc2_lemuel, uniq_psyche
Temple:   hellmonk_temple_forest_ring

Skill      XL: |  1  2  3  4  5  6  7  8  9 10 11 |
---------------+----------------------------------+-----
Shields        | 3 4 5 6 7 8 |  8.9
Unarmed Combat | 3 4 5 6 8 10 11 13 | 13.0
Fighting       | 3 4 5 6 7 8 |  8.1
Dodging        | 4 5 6 |  6.4

Action                   |  1- 3 |  4- 6 |  7- 9 | 10-12 || total
-------------------------+-------+-------+-------+-------++-------
Melee: Unarmed           |   177 |    93 |   241 |   348 ||   859
Throw: Dart              |       |       |     2 |       ||     2
       Large rock        |       |       |       |    10 ||    10
Invok: Lunge             |       |       |    13 |    23 ||    36
       Whirlwind         |       |       |     7 |     9 ||    16
  Use: Scroll            |       |     1 |     3 |     1 ||     5
       Potion            |       |     1 |       |       ||     1
 Stab: Sleeping          |     1 |     1 |     1 |       ||     3
Armor: Robe              |    79 |    31 |    87 |    50 ||   247
       Steam dragon scal |       |       |    15 |       ||    15
       Acid dragon scale |       |       |       |    17 ||    17
Dodge: Dodged            |    56 |    74 |   163 |   117 ||   410
Block: Kite shield       |    57 |    47 |   129 |   222 ||   455
       Reflection        |       |       |       |    16 ||    16
